 Dungeon Crawl Stone Soup version 0.21.1-1-g345015fe64 (webtiles) character file.

120 Htamos the Magician (level 4, -4/24 HPs)
             Began as a Deep Elf Conjurer on July 12, 2018.
             Killed from afar by an adder (28 damage)
             ... with an exploding inner flame
             ... hexed by the player character
             ... on level 3 of the Dungeon.
             The game lasted 00:04:19 (1914 turns).

Htamos the Magician (Deep Elf Conjurer)             Turns: 1914, Time: 00:04:19

Health: -4/24      AC:  9    Str:  5    XL:     4   Next: 75%
Magic:  11/14      EV: 12    Int: 21    God:
Gold:   68         SH:  0    Dex: 15    Spells: 15/16 levels left

rFire    . . .     SeeInvis .   (no weapon)
rCold    . . .     Gourm    .   (no shield)
rNeg     . . .     Faith    .   w - +1 leather armour {MR+}
rPois    .         Spirit   .   r - +0 helmet
rElec    .         Reflect  .   (no cloak)
rCorr    .         Harm     .   (no gloves)
MR       +....                  (no boots)
Stlth    ++........             (no amulet)
HPRegen  0.08/turn              e - +3 ring of slaying
MPRegen  0.14/turn              v - +4 ring of protection

@: lethally poisoned (-4 -> -7), hasted, very quick
A: no striking features
a: no special abilities


You were on level 3 of the Dungeon.
You were not hungry.

You visited 1 branch of the dungeon, and saw 3 of its levels.

You collected 68 gold pieces.

Inventory:

Missiles
 f - 62 stones (quivered)
 g - 18 poisoned needles
 l - 15 bolts
 m - 22 sling bullets
 s - 22 arrows
Armour
 a - a +0 robe
 h - a +0 shield
 r - a +0 helmet (worn)
 w - a +1 leather armour of magic resistance (worn)
Jewellery
 e - a +3 ring of slaying (left hand)
 p - an uncursed amulet of magic regeneration
 v - a +4 ring of protection (right hand)
Scrolls
 d - a scroll of remove curse
 u - 2 scrolls of identify
Potions
 o - a potion of haste
 q - a potion of heal wounds
Books
 b - a book of Conjurations

   Spells                             Type                      Level
   a - Magic Dart                     Conjuration                  1
   b - Searing Ray                    Conjuration                  2
   c - Dazzling Spray                 Conjuration/Hexes            3
   d - Fulminant Prism                Conjuration/Hexes            4
   e - Force Lance                    Conjuration/Translocation    4
   f - Iskenderun's Mystic Blast      Conjuration                  4
Comestibles
 c - 6 rations


   Skills:
 - Level 2.4 Dodging
 - Level 2.4 Stealth
 + Level 6.8 Spellcasting
 - Level 4.3 Conjurations


You had 15 spell levels left.
You knew the following spells:

 Your Spells              Type           Power        Failure   Level  Hunger
a - Magic Dart            Conj           ####         2%          1    None


Dungeon Overview and Level Annotations

Branches:
Dungeon (3/15)

Altars:
Qazlal


Message History

Press: ? - help, Shift-Dir - straight line, f/p - adder
Aim: an adder (blue smoke, almost dead, inner flame)
The magic dart hits the adder.
The adder is almost dead.
The adder bites you but does no damage.
Casting: Magic Dart
Confirm with . or Enter, or press ? or * to list all spells.
Aiming: Magic Dart
Press: ? - help, Shift-Dir - straight line, f/p - adder
Aim: an adder (blue smoke, almost dead, inner flame)
The magic dart hits the adder.
The adder explodes!
The fiery explosion engulfs the orc.
The orc explodes!
You hear an explosion!
You feel a bit more experienced.
You hear an explosion!
You feel a bit more experienced. x3; The fiery explosion engulfs you!
Ouch! That really hurt!
You die...

******* #........#
,,,,,,*** #..[.....#
*****,,,****#........#
,** ***,,,,*#........#
,,** **,,,*###o.#####
,,,* *,,,*#..oo# ,,,*
**,**#..#§# ,,,*
*,**#.##§# ,,,*
*,*#..*#@#
,,,******,#...*#§#
,,,,,,,,,....,*#§#
,,,******.#.,,,#.#
,,,,,,,,,,,,,,,..#**
,,,******,,,,**#..,**
,,,* **,,*,,**#..,,*
,,,* *,,,,,,**...,**
,,** *,*,,,***,,,,*


There were no monsters in sight!

Vanquished Creatures
  Jessica (D:3)
  2 adders
  2 oozes
  A worm (D:2)
  A dart slug (D:1)
  2 leopard geckos
  5 orcs (D:3)
  2 ball pythons
  5 bats
  2 giant cockroaches
  3 goblins
  8 hobgoblins
  3 jackals (D:1)
  9 kobolds
  A frilled lizard (D:2)
  5 rats
52 creatures vanquished.

Notes
Turn   | Place    | Note
-------+----------+-------------------------------------------
     0 | D:1      | Htamos the Deep Elf Conjurer began the quest for the Orb.
     0 | D:1      | Reached XP level 1. HP: 10/10 MP: 6/6
   171 | D:1      | Reached skill level 4 in Spellcasting
   171 | D:1      | Reached XP level 2. HP: 15/15 MP: 2/9
   524 | D:1      | Reached XP level 3. HP: 19/19 MP: 2/11
   529 | D:1      | Reached skill level 5 in Spellcasting
  1579 | D:2      | Found a stormy altar of Qazlal.
  1830 | D:3      | Reached XP level 4. HP: 24/24 MP: 10/13
  1843 | D:3      | Reached skill level 6 in Spellcasting
  1886 | D:3      | Noticed Jessica
  1891 | D:3      | Killed Jessica
  1914 | D:3      | Killed from afar by an adder

Skill      XL: |  1  2  3  4 |
---------------+-------------+-----
Spellcasting   | 4 5 6 |  6.8
Dodging        | |  2.4
Stealth        | |  2.4
Conjurations   | |  4.3

Action                   |  1- 3 |  4- 6 || total
-------------------------+-------+-------++-------
Melee: Unarmed           |     1 |       ||     1
 Cast: Magic Dart        |   101 |    22 ||   123
  Use: Scroll            |       |     6 ||     6
       Potion            |       |     3 ||     3
  Eat: Chunk             |     1 |     2 ||     3
Armor: Leather armour    |     1 |    15 ||    16
       Robe              |     1 |       ||     1
Dodge: Dodged            |     5 |    27 ||    32
